AoeStats
← azimkhan1545

Arabia

510201168Analyzed
1v1 RM · 1d ago on Sep 29, 2026· 56m 33s· 2 players
Game mode
Random Map
Map size
Tiny (2 player)
Population
200
Speed
Normal
Resources
Standard
Victory
Conquest
Starting age
Dark Age
Ending age
Imperial Age
RankedLock teamsTeams togetherTeam positionsShared explorationLock speedFull tech treeHidden civsTurbo modeCheats
Victory
Defeat
🇨🇱 Vietnamese · Chile
634
+17
🇺🇿 Franks · Uzbekistan
656
-17
BP | Leftraru
3:25 Loom
10:10 Feudal Age
11:11 Gold Mining
16:47 Fletching
16:58 Padded Archer Armor
20:29 Castle Age
20:30 Crossbowman
20:59 Elite Skirmisher
23:34 Horse Collar
23:40 Double-Bit Axe
23:58 Stone Mining
23:58 Town Watch
25:07 Bodkin Arrow
25:27 Leather Archer Armor
27:32 Wheelbarrow
27:48 Husbandry
28:23 Leather Archer Armor
31:58 Ballistics
35:21 Pikeman
36:02 Squires
35:47 Arson
36:47 Thumb Ring
37:43 Hand Cart
38:17 Treadmill Crane
45:59 Imperial Age
44:31 Forging
44:21 Scale Mail Armor
45:34 Heated Shot
47:52 Chemistry
47:30 Bow Saw
47:24 Heavy Plow
49:43 Iron Casting
50:21 Bracer
50:30 Imperial Skirmisher
azimkhan1545
8:15 Loom
10:49 Feudal Age
14:33 Double-Bit Axe
17:07 Wheelbarrow
16:19 Town Watch
19:16 Castle Age
18:27 Gold Mining
18:27 Stone Mining
28:12 Scale Barding Armor
28:23 Husbandry
31:27 Forging
35:05 Masonry
34:36 Treadmill Crane
37:44 Bow Saw
43:53 Imperial Age
43:30 Chain Barding Armor
43:46 Iron Casting
48:38 Scale Mail Armor
53:55 Cavalier
Connection lost

Rejoining the realm…

Still unreachable

The connection could not be restored.

Session expired

The server has moved on; the page needs a fresh start.